 Dungeon Crawl Stone Soup version 0.26.1-10-gdfb7c7de75 (webtiles) character file.

Game seed: 4680215535793415286

162 Descartes the Firebug (level 5, -4/29 HPs)
             Began as a Deep Elf Wanderer on Apr 4, 2021.
             Slain by an orc
             ... wielding a +0 hand axe
              (7 damage)
             ... on level 3 of the Dungeon.
             The game lasted 00:07:30 (4570 turns).

Descartes the Firebug (Deep Elf Wanderer)           Turns: 4570, Time: 00:07:30

Health: -4/29      AC:  7    Str: 10    XL:     5   Next: 19%
Magic:  13/13      EV: 11    Int: 19    God:
Gold:   111        SH:  0    Dex: 14    Spells: 11/12 levels left

rFire    . . .     SeeInvis .   a - +0 hand crossbow
rCold    . . .     Faith    .   (no shield)
rNeg     . . .     Spirit   .   e - +0 robe
rPois    .         Reflect  .   (no helmet)
rElec    .         Harm     .   p - +0 cloak
rCorr    .         Rampage  .   (no gloves)
Will     .....                  (no boots)
Stlth    ++........             (no amulet)
HPRegen  0.09/turn              q - +4 ring of protection
MPRegen  0.13/turn              (no ring)

@: about to teleport
A: thin skeletal structure 1, blurry vision 1
a: no special abilities


You were on level 3 of the Dungeon.
You visited 1 branch of the dungeon, and saw 3 of its levels.

You collected 111 gold pieces.

Inventory:

Hand Weapons
 a - a +0 hand crossbow (weapon)
 v - a +2 dagger of holy wrath
 x - a +2 halberd of protection
Missiles
 c - 32 bolts (quivered ammo)
 h - 90 stones
 j - a throwing net
 n - 19 sling bullets
Armour
 e - a +0 robe (worn)
 l - a cursed +0 crystal plate armour
 p - a +0 cloak (worn)
Jewellery
 q - a +4 ring of protection (left hand)
Scrolls
 d - 2 scrolls of teleportation
 f - a scroll of fear {unknown}
 o - a scroll of amnesia {unknown}
 r - a scroll of enchant weapon {unknown}
 s - a scroll of remove curse {unknown}
 u - a scroll of magic mapping {unknown}
Potions
 b - 2 potions of resistance
 g - 2 potions of flight {unknown}
 i - a potion of degeneration
 k - a potion of curing
 m - a potion of brilliance
 t - a potion of might
 w - a potion of heal wounds


   Skills:
 - Level 1.5 Fighting
 - Level 1.7 Crossbows
 - Level 1.0 Armour
 - Level 1.5 Shields
 + Level 4.0 Spellcasting
 - Level 1.1 Translocations
 * Level 4.6 Fire Magic


You had 11 spell levels left.
You knew the following spells:

 Your Spells              Type           Power        Failure   Level
a - Foxfire               Conj/Fire      48%          5%          1

Your spell library contained the following spells:

 Spells                   Type           Power        Failure   Level
 Conjure Flame            Conj/Fire      12%          16%         3
 Inner Flame              Hex/Fire       12%          16%         3
 Gell's Gravitas          Tloc           4%           26%         3
 Confusing Touch          Hex            3%           38%         3
 Sticky Flame             Conj/Fire      12%          45%         4
 Petrify                  Tmut/Erth      3%           80%         4
 Fireball                 Conj/Fire      6%           82%         5
 Metabolic Englaciation   Hex/Ice        1%           98%         5
 Yara's Violent Unravell  Hex/Tmut       1%           98%         5


Dungeon Overview and Level Annotations

Branches:
Dungeon (3/15)

Altars:
Ashenzari


Innate Abilities, Weirdness & Mutations

You have a somewhat thin skeletal structure. (Dex +2, Stealth)
Scrolls take you a little longer to read.


Message History

There is a stone staircase leading down here.
The hobgoblin closely misses you. The orc hits you with a +0 hand axe.
The orc hits you with a +0 war axe!
* * * LOW HITPOINT WARNING * * *
The orc hits you but does no damage. x2
You climb downwards.
There is a stone staircase leading up, spattered with blood here.
Really read with blurry vision while enemies are nearby?
The hobgoblin barely misses you.
You begin reading the scroll.
You continue reading the scroll.
The orc hits you with a +0 hand axe.
* * * LOW HITPOINT WARNING * * *
The orc barely misses you. The orc closely misses you.
The orc hits you with a +0 club.
* * * LOW HITPOINT WARNING * * *
As you read the scroll of teleportation, it crumbles to dust.
You feel strangely unstable.
The hobgoblin hits you but does no damage.
The orc hits you with a +0 hand axe!
You die...

#............#
#.o...
............####'#..
.................# .
##........######
####........#
#.......o...#
#....######.# .
#..o.#....#.#..
#.o@o#.##.#.#.######
#.o.g#......#....#..
+....'......#......#
#....###.........≈≈≈
#....# ####...≈≈≈≈≈≈
#....# ##.≈≈≈≈≈≈≈≈
#....# ##≈≈≈≈≈≈≈≈≈≈
#....# ##≈≈≈≈≈≈≈≈≈≈#
#≈≈≈≈≈≈≈≈####


You could see 4 orcs and a hobgoblin.

Vanquished Creatures
  4 gnolls
  5 adders
  3 oozes
  A dart slug (D:2)
  A leopard gecko (D:1)
  An orc (D:2)
  3 giant cockroaches
  9 goblins
  7 hobgoblins
  A jackal (D:1)
  6 kobolds
  A quokka (D:2)
  A ball python (D:2)
  6 bats
  10 frilled lizards
  7 rats
66 creatures vanquished.

Vanquished Creatures (others)
  A jackal (D:1)
  360 foxfires
361 creatures vanquished.

Grand Total: 427 creatures vanquished

Notes
Turn   | Place    | Note
-------+----------+-------------------------------------------
     0 | D:1      | Descartes the Deep Elf Wanderer began the quest for the
                  | Orb.
     0 | D:1      | Descartes set off with the following items: a +0 hand
                  | crossbow, 24 bolts, a scroll of teleportation, a +0 robe;
                  | and the following spell memorised: Foxfire; and the
                  | following spells available to memorise: Conjure Flame,
                  | Inner Flame, Sticky Flame, Fireball
     0 | D:1      | Reached XP level 1. HP: 12/12 MP: 5/5
   181 | D:1      | Reached XP level 2. HP: 16/16 MP: 0/7
  1155 | D:2      | Reached XP level 3. HP: 20/20 MP: 0/8
  2038 | D:2      | Reached XP level 4. HP: 20/25 MP: 1/10
  2771 | D:2      | HP: 1/25 [gnoll (1)]
  3296 | D:3      | Found a broken altar of Ashenzari.
  4169 | D:3      | Reached XP level 5. HP: 25/29 MP: 7/12
  4214 | D:3      | Gained mutation: Scrolls take you a little longer to read.
                  | [potion of mutation]
  4214 | D:3      | Gained mutation: You have a somewhat thin skeletal
                  | structure. (Dex +2, Stealth) [potion of mutation]
  4570 | D:3      | Slain by an orc

Illustrated notes

Levels and vault maps discovered:
D:1:      nicolae_arrival_memento_mori, layout_loops_cross,
          hangedman_abyss_or_decor_stabs
D:2:      layout_loops_ring, minmay_lizard_pond
D:3:      wander_river, layout_basic, cheibrodos_ashenzari_chains

Skill      XL: |  1  2  3  4  5 |
---------------+----------------+-----
Spellcasting   | 2 3 4 |  4.0
Fire Magic     | 2 3 4 |  4.6
Fighting       | |  1.5
Crossbows      | |  1.7
Armour         | |  1.0
Shields        | |  1.5
Translocations | |  1.1

Action                   |  1- 3 |  4- 6 || total
-------------------------+-------+-------++-------
 Fire: Hand crossbow     |    18 |       ||    18
 Cast: Foxfire           |   104 |   140 ||   244
  Use: Scroll            |       |     9 ||     9
       Potion            |       |     1 ||     1
Armor: Robe              |    12 |    13 ||    25
Dodge: Dodged            |    21 |    23 ||    44
